 Dungeon Crawl Stone Soup version 0.23.2-42-gf373564dc4 (webtiles) character file.

Game seed: 17128921789132739206

95 McKennaii the Skirmisher (level 4, -3/35 HPs)
             Began as a Demonspawn Fighter on Nov 2, 2019.
             Slain by a phantom (4 damage)
             ... on level 4 of the Dungeon.
             The game lasted 00:05:18 (2621 turns).

McKennaii the Skirmisher (Demonspawn Fighter)       Turns: 2621, Time: 00:05:19

Health: -3/35      AC:  6    Str: 17    XL:     4   Next: 40%
Magic:  4/4        EV:  7    Int:  9    God:
Gold:   111        SH:  9    Dex: 13    Spells: 3/3 levels left

rFire    . . .     SeeInvis .   a - +0 war axe
rCold    . . .     Gourm    .   c - +0 shield
rNeg     . . .     Faith    .   b - +0 scale mail
rPois    .         Spirit   .   (helmet restricted)
rElec    .         Reflect  .   (no cloak)
rCorr    .         Harm     .   (no gloves)
MR       .....                  (no boots)
Stlth    ..........             (no amulet)
HPRegen  0.11/turn              n - ring of attention (curse)
MPRegen  0.09/turn              (no ring)

@: no status effects
A: antennae 2
a: no special abilities


You were on level 4 of the Dungeon.
You were hungry.

You visited 1 branch of the dungeon, and saw 5 of its levels.

You collected 111 gold pieces.

Inventory:

Hand Weapons
 a - a +0 war axe (weapon)
Armour
 b - a +0 scale mail (worn)
 c - a +0 shield (worn)
Jewellery
 n - a cursed ring of attention (left hand)
Scrolls
 e - a scroll of identify
 g - a scroll of teleportation
 k - 2 scrolls of immolation
Potions
 d - a potion of might
 h - a potion of ambrosia {unknown}
 i - a potion of lignification {unknown}
 j - 2 potions of agility {unknown}
 l - a potion of degeneration {unknown}
 m - a potion of haste {unknown}
Comestibles
 f - 3 rations


   Skills:
 + Level 3.3 Fighting
 + Level 2.7 Axes
 + Level 3.1 Armour
 + Level 0.8 Dodging
 + Level 0.2 Stealth
 + Level 3.3 Shields


You had 3 spell levels left.
You didn't know any spells.
Your spell library was empty.

Dungeon Overview and Level Annotations

Branches:
Dungeon (5/15)
 Temple: D:4-7

Altars:
Ru

Annotations:
D:5 Prince Ribbit


Innate Abilities, Weirdness & Mutations

You have a pair of antennae on your head.


Message History

The phantom hits you.
The phantom blinks!
The phantom blinks!
The phantom hits you but does no damage.
The phantom blinks!
There is a stone staircase leading down here.
You can't go up here!
You climb downwards.
Level annotation: Prince Ribbit
There is a stone staircase leading up here.
You start resting.
Prince Ribbit is too close now for your liking.
Firing (i - inventory) No suitable missiles.
Press: ? - help, Shift-Dir - straight line, f - Prince Ribbit
Aim: Prince Ribbit (hasn't noticed you)
Okay, then.
Prince Ribbit croaks.
Prince Ribbit hits you!
* * * LOW HITPOINT WARNING * * *
You climb upwards.
The phantom hits you.
You die...

########.
#@.......
#W.......
##.######.
#_.....#
#......#
#....W.#
#......#
#......#
#......######


You could see a phantom.

Vanquished Creatures
  4 gnolls
  An adder (D:2)
  An adder skeleton (D:4)
  A worm (D:2)
  A dart slug (D:1)
  A leopard gecko (D:2)
  7 bats
  2 giant cockroaches
  4 goblins
  5 hobgoblins
  2 jackals (D:1)
  A quokka (D:2)
  2 frilled lizards
  4 kobolds (D:1)
  5 rats
41 creatures vanquished.

Notes
Turn   | Place    | Note
-------+----------+-------------------------------------------
     0 | D:1      | McKennaii the Demonspawn Fighter began the quest for the
                  | Orb.
     0 | D:1      | Reached XP level 1. HP: 18/18 MP: 1/1
   173 | D:1      | Gained mutation: You have a pair of small antennae on your
                  | head. [demonic ancestry]
   173 | D:1      | Reached XP level 2. HP: 17/24 MP: 2/2
   699 | D:1      | Gained mutation: You have a pair of antennae on your head.
                  | [demonic ancestry]
   699 | D:1      | Reached XP level 3. HP: 24/29 MP: 3/3
  1809 | D:2      | Reached XP level 4. HP: 33/35 MP: 4/4
  2388 | D:3      | You fall through a shaft for 2 floors!
  2388 | D:5      | Entered Level 5 of the Dungeon
  2389 | D:5      | Noticed Prince Ribbit
  2507 | D:4      | Found a sacrificial altar of Ru.
  2542 | D:4      | Noticed a phantom
  2620 | D:5      | HP: 1/35 [Prince Ribbit (15)]
  2621 | D:4      | Slain by a phantom

Skill      XL: |  1  2 |
---------------+-------+-----
Axes           | 2 |  2.7
Armour         | 3 |  3.1
Shields        | 3 |  3.3
Fighting       | |  3.3
Dodging        | |  0.8
Stealth        | |  0.2

Action                   |  1- 3 |  4- 6 || total
-------------------------+-------+-------++-------
Melee: War axe           |   123 |    32 ||   155
  Use: Scroll            |       |     3 ||     3
  Eat: Chunk             |     2 |     3 ||     5
Armor: Scale mail        |    59 |    13 ||    72
Dodge: Dodged            |    45 |    10 ||    55
Block: Shield            |    58 |    22 ||    80
